 Dungeon Crawl Stone Soup version 0.30-a0-272-gf98c3da03f (webtiles) character file.

Game seed: 667504491293297034

60 Harunobu the Stinger (level 4, -1/27 HPs)
             Began as an Octopode Venom Mage on Oct 15, 2022.
             Slain by Natasha (6 damage)
             ... on level 3 of the Dungeon.
             The game lasted 00:04:21 (1996 turns).

Harunobu the Stinger (Octopode Venom Mage)          Turns: 1996, Time: 00:04:22

Health: -1/27      AC:  1    Str:  7    XL:     4   Next: 6%
Magic:  2/7        EV: 14    Int: 19    God:
Gold:   96         SH:  0    Dex: 18    Spells: 6/7 levels left

rFire   . . .      SeeInvis .    (no weapon)
rCold   . . .      Faith    .    (no shield)
rNeg    . . .      Spirit   .    (helmet restricted)
rPois   .          Reflect  .    (no amulet)
rElec   .          Harm     .    c - +6 ring of dexterity
rCorr   .          Rampage  .    (no ring)
Will    .....                    (no ring)
Stlth   ++++......               (no ring)
HPRegen 0.24/turn                (no ring)
MPRegen 0.10/turn                (no ring)
                                 (no ring)
                                 (no ring)

@: slowed, very slow
A: almost no armour, amphibious, 8 rings, camouflage 1, gelatinous body 1,
(nimble swimmer 1), tentacles
a: no special abilities


You were on level 3 of the Dungeon.
You visited 1 branch of the dungeon, and saw 3 of its levels.

You collected 96 gold pieces.

Inventory:

Jewellery
 c - a +6 ring of dexterity (left tentacle)
Scrolls
 b - a scroll of immolation {unknown}
 e - a scroll of enchant armour {unknown}
 g - a scroll of fear {unknown}
 i - a scroll of fog {unknown}
 l - a scroll of identify {unknown}
 m - a scroll of summoning {unknown}
Potions
 a - a potion of magic
 d - a potion of heal wounds {unknown}
 f - a potion of curing {unknown}
 h - a potion of lignification {unknown}
 j - a potion of cancellation {unknown}
 k - 2 potions of haste {unknown}


   Skills:
 + Level 2.5 Dodging
 + Level 3.5 Stealth
 + Level 2.4 Spellcasting
 + Level 1.8 Transmutations
 + Level 4.1 Poison Magic


You had 6 spell levels left.
You knew the following spells:

 Your Spells              Type           Power      Damage    Failure   Level
a - Sting                 Tmut/Pois      52%        1d5       4%          1

Your spell library contained the following spells:

 Spells                   Type           Power      Damage    Failure   Level
 Poisonous Vapours        Pois/Air       20%        N/A       11%         2
 Mephitic Cloud           Conj/Pois/Air  7%         N/A       26%         3
 Olgreb's Toxic Radiance  Pois           18%        N/A       28%         4


Dungeon Overview and Level Annotations

Branches:
Dungeon (3/15)

Altars:
Uskayaw

Annotations:
D:3 Natasha


Innate Abilities, Weirdness & Mutations

You cannot wear most types of armour.
You are amphibious.
You can wear up to eight rings at the same time.
Your skin changes colour to match your surroundings (Stealth+).
Your rubbery body absorbs attacks. (AC +1, EV +1)
((You are camouflaged when in or above water. (Stealth+)))
You have tentacles for arms and can constrict up to eight enemies at once.


Message History

The sting hits the dart slug.
The dart slug looks even sicker.
The dart slug is severely wounded.
You kill the dart slug!
Casting: Sting (safe; 4% risk of failure)
Confirm with . or Enter, or press ? or * to list all spells.
Aiming: Sting (safe; 4% risk of failure)
Press: ? - help, Shift-Dir - straight line, f - Natasha
Aim: Natasha (asleep, 100% to hit)
The sting hits Natasha but does no damage.
Natasha is poisoned.
Natasha hisses angrily.
Natasha stares at you and mumbles some strange words.
You feel yourself slow down.
Casting: Sting (safe; 4% risk of failure)
Confirm with . or Enter, or press ? or * to list all spells.
Aiming: Sting (safe; 4% risk of failure)
Press: ? - help, Shift-Dir - straight line, f/p - Natasha
Aim: Natasha (lightly wounded, poisoned, 64% to hit)
The sting hits Natasha.
Natasha looks even sicker.
Natasha is moderately wounded.
Natasha casts a spell at you. You resist with some effort.
Casting: Sting (safe; 4% risk of failure)
Confirm with . or Enter, or press ? or * to list all spells.
Aiming: Sting (safe; 4% risk of failure)
Press: ? - help, Shift-Dir - straight line, f/p - Natasha
Aim: Natasha (moderately wounded, very poisoned, 64% to hit)
The sting misses Natasha.
Natasha wildly gestures.
Natasha glows brightly for a moment.
Natasha casts a spell at you. The magic dart hits you!
Natasha attacks as you move away! Natasha claws you!
Natasha mumbles some strange words.
You feel troubled. Natasha attacks as you move away! Natasha claws you!
* * * LOW HITPOINT WARNING * * *
Natasha hisses.
Natasha claws you.
You die...

#... ..##
###....
...###..##+##
#....
...........
#....
####........
#....
..........#
#.... #..†...#
#.... #.#.#
#.... #h#.#
#.... #@#.#
#.... #.#.#
########....
.######.#.#
#...........
..........#
#.######....
.######.### #.#
#....... #.#
#.# #.######
#.#####.###.#.#
#.............#
#######.###.#.#


You could see Natasha (very poisoned).

Vanquished Creatures
  2 adders (D:2)
  A dart slug (D:3)
  4 ball pythons
  A bat (D:1)
  3 endoplasms (D:1)
  A giant cockroach (D:1)
  6 goblins
  4 hobgoblins
  4 jackals (D:1)
  2 quokkas (D:2)
  A frilled lizard (D:1)
  3 kobolds
  3 rats
35 creatures vanquished.

Notes
Turn   | Place    | Note
-------+----------+-------------------------------------------
     0 | D:1      | Harunobu the Octopode Venom Mage began the quest for the
                  | Orb.
     0 | D:1      | Reached XP level 1. HP: 11/11 MP: 3/3
   211 | D:1      | Reached XP level 2. HP: 6/17 MP: 0/5
   618 | D:1      | Reached XP level 3. HP: 21/21 MP: 0/6
   880 | D:2      | Reached skill level 4 in Poison Magic
  1053 | D:2      | Found a hide-covered altar of Uskayaw.
  1282 | D:2      | Found a faded altar of an unknown god.
  1907 | D:3      | Reached XP level 4. HP: 27/27 MP: 3/7
  1987 | D:3      | Noticed Natasha
  1996 | D:3      | Slain by Natasha

Illustrated notes

Levels and vault maps discovered:
D:1:      scummos_arrival_forest, layout_rooms
D:2:      layout_basic, basic_altar, hellmonk_ecumenical_altar_leap_of_faith,
          wad_floor_pattern_2
D:3:      minmay_octagon_keep, layout_basic, serial_shops, shop,
          minmay_strange_pillars, kennysheep_jessica_study, uniq_natasha

Skill      XL: |  1  2  3 |
---------------+----------+-----
Stealth        | 3 |  3.5
Poison Magic   | 4 |  4.1
Dodging        | |  2.5
Spellcasting   | |  2.4
Transmutations | |  1.8

Action                   |  1- 3 |  4- 6 || total
-------------------------+-------+-------++-------
Melee: Unarmed           |     2 |       ||     2
       Constrict         |     2 |       ||     2
       Tentacles         |     1 |       ||     1
 Cast: Sting             |    57 |     5 ||    62
Armor: Skin              |     3 |       ||     3
Dodge: Dodged            |    48 |       ||    48

Table legend: (Time is in decaauts)
 A = Elapsed time spent in this place.
 B = Non-inter-level travel time spent in this place.
 C = Inter-level travel time spent in this place.
 D = Time resting spent in this place.
 E = Time spent auto-exploring this place.
 F = Levels seen in this place.
 G = Mean time per level.
                   A        B        C        D        E       F      G
               +--------+--------+--------+--------+--------+-----+--------+
         Total |   1996 |   1961 |     35 |    502 |   1078 |   3 |  665.3 |
       Dungeon |   1996 |   1961 |     35 |    502 |   1078 |   3 |  665.3 |
               +--------+--------+--------+--------+--------+-----+--------+

Top non-repeatable levels by time:
     D:2: 1029 daAuts
     D:1: 861 daAuts
     D:3: 105 daAuts
